 Dungeon Crawl Stone Soup version 0.31-a0-182-gc5ef74bbde (webtiles) character file.

Game seed: 12207297139783475372

633 Moral the Shield-Bearer (level 7, -2/70 HPs)
             Began as a Troll Fighter on June 22, 2023.
             Was an Initiate of Ru.
             Slain by a gnoll bouda
             ... wielding a +0 whip
              (7 damage)
             ... on level 5 of the Dungeon.
             The game lasted 00:07:15 (3332 turns).

Moral the Shield-Bearer (Troll Fighter)             Turns: 3332, Time: 00:07:16

Health: -2/70      AC:  6    Str: 33    XL:     7   Next: 24%
Magic:  6/6        EV:  9    Int:  4    God:    Ru [......]
Gold:   200        SH:  9    Dex:  9    Spells: 6/6 levels left

rFire   . .          .
                       - Unarmed
rCold   . . .        b - +1 kite shield
rNeg    . . .        a - +0 robe
rPois   .            (helmet restricted)
rElec   .            (no cloak)
rCorr   .            (gloves unavailable)
SInv    .            (boots unavailable)
Will    +....        (no amulet) Stlth
                     k - +4 ring of slaying
HPRegen 1.11/turn    j - +6 ring of strength
MPRegen 0.10/turn

%: no passive effects
@: mighty, brilliant, silenced, enlightened, flying (expiring)
A: large, unfitting armour, claws 3, regeneration 1, shaggy fur 1, tough skin 1,
fangs 1, horns 1, iridescent scales 1, deterioration 1
a: Renounce Religion


You were on level 5 of the Dungeon.
You worshipped Ru.
Ru was noncommittal.
You visited 2 branches of the dungeon, and saw 6 of its levels.

You collected 200 gold pieces.

Inventory:

Armour
 a - a +0 robe (worn)
 b - a +1 kite shield (worn)
Jewellery
 j - a +6 ring of strength (right claw)
 k - a +4 ring of slaying (left claw)
Scrolls
 f - 2 scrolls of immolation {unknown}
 g - 2 scrolls of revelation
 h - a scroll of identify {unknown}
 n - a scroll of acquirement {unknown}
 o - 2 scrolls of enchant armour
 p - 2 scrolls of enchant weapon
 s - 2 scrolls of poison {unknown}
 u - a scroll of blinking {unknown}
 v - a scroll of fog {unknown}
Potions
 i - a potion of lignification {unknown}
 m - 4 potions of heal wounds {unknown}
 q - 2 potions of haste {unknown}
 w - a potion of degeneration {unknown}


   Skills:
 + Level 4.1 Fighting
 + Level 4.0 Dodging
 + Level 4.4 Shields
 + Level 4.3 Unarmed Combat


You had 6 spell levels left.
You didn't know any spells.
Your spell library contained the following spells:

 Spells                   Type           Power      Damage    Failure   Level
 Sandblast                Erth           0%         2d4       69%         1
 Passwall                 Tmut/Erth      0%         N/A       83%         2
 Poisonous Vapours        Pois/Air       0%         N/A       83%         2
 Mephitic Cloud           Conj/Pois/Air  0%         N/A       96%         3
 Stone Arrow              Conj/Erth      0%         3d7       96%         3
 Freezing Cloud           Conj/Ice/Air   0%         6-21      100%        5


Dungeon Overview and Level Annotations

Branches:
Dungeon (5/15)             Temple (1/1) D:4

Altars:
Ashenzari
Cheibriados
Dithmenos
Elyvilon
Fedhas
Gozag
Hepliaklqana
Kikubaaqudgha
Makhleb
Nemelex Xobeh
Ru
Trog
Uskayaw
Vehumet
Xom
Yredelemnul
Zin
The Shining One


Innate Abilities, Weirdness & Mutations

You are too large for most types of armour.
You have claws for hands.
Your natural rate of healing is unusually fast.
You are covered in fur. (AC +1)
You have tough skin. (AC +1)
You have very sharp teeth.
You have a pair of small horns on your head.
You are partially covered in iridescent scales. (AC +2)
Your body sometimes deteriorates upon taking damage.


Message History

You struggle against the net.
The orc wizard hits you with a +0 dagger.
* * * LOW HITPOINT WARNING * * *
The orc barely misses you.
You tear a large gash into the net.
The orc wizard hits you but does no damage.
The orc hits you with a +0 flail.
* * * LOW HITPOINT WARNING * * *
The gnoll hits you with a +0 club.
* * * LOW HITPOINT WARNING * * *
Magic scrolls do not work when you're silenced!
It was a potion of mutation.
You feel extremely strange.
Iridescent scales grow over part of your body.
You feel yourself wasting away.
Your teeth lengthen and sharpen.
A pair of horns grows on your head! The orc hits you with a +0 club.
* * * LOW HITPOINT WARNING * * *
The orc wizard hits you but does no damage.
The orc barely misses you.
It was a potion of brilliance.
You feel clever all of a sudden.
The orc wizard hits you with a +0 dagger.
* * * LOW HITPOINT WARNING * * *
The orc hits you but does no damage. x2
It was a potion of curing.
You feel better.
You are starting to lose your buoyancy.
The orc wizard hits you but does no damage.
The orc hits you but does no damage.
The gnoll bouda hits you with a +0 whip!
* * * LOW HITPOINT WARNING * * *
The orc hits you but does no damage.
You rip the net and break free!
The orc hits you but does no damage.
The orc wizard hits you with a +0 dagger.
* * * LOW HITPOINT WARNING * * *
You block the gnoll bouda's attack. The orc hits you but does no damage.
The orc attacks as you move away! You block the orc's attack.
The orc wizard attacks as you move away!
The orc wizard hits you but does no damage.
The gnoll bouda hits you with a +0 whip!
You die...

.# .#################
.##..........o.).#
.##.#.#####†####.#
.##.#.# #..###.##
..#.#.#####o#.#gg.######
...........###fooo...?.(
......#.#.#.#.#g).#####.
..._....#.#..###@##
........#.#.## #.#
........#.#.# #.#
...⌠.._.#.#.# #.#
..........#.# #.#
._..........# #..
.......#### ##. .#...###
. ####.#


You could see a sleepcap, a gnoll bouda, an orc wizard, 2 gnolls and 2 orcs.

Vanquished Creatures
  A black bear (D:4)
  An ogre (D:4)
  A scorpion (D:5)
  2 hounds
  2 jellies
  2 orc priests (D:5)
  An iguana (D:5)
  Terence (D:2)
  An orc wizard (D:5)
  3 gnolls
  3 adders
  An ufetubus (D:4)
  2 worms
  A dart slug (D:3)
  7 orcs
  10 endoplasms
  2 giant cockroaches
  4 hobgoblins
  3 jackals (D:2)
  4 kobolds
  2 quokkas
  7 ball pythons
  3 bats
  3 frilled lizards
  8 goblins
  3 rats (D:1)
78 creatures vanquished.

Notes
Turn   | Place    | Note
-------+----------+-------------------------------------------
     0 | D:1      | Moral the Troll Fighter began the quest for the Orb.
     0 | D:1      | Reached XP level 1. HP: 22/22 MP: 0/0
   170 | D:1      | Reached XP level 2. HP: 29/29 MP: 1/1
   427 | D:1      | Reached XP level 3. HP: 36/36 MP: 2/2
   924 | D:2      | Noticed Terence
   938 | D:2      | Killed Terence
  1324 | D:2      | Reached XP level 4. HP: 44/44 MP: 3/3
  1921 | D:3      | Found a shadowy altar of Dithmenos.
  2046 | D:3      | Found a basalt altar of Yredelemnul.
  2052 | D:3      | Reached XP level 5. HP: 52/53 MP: 4/4
  2053 | D:3      | Found a bloodstained altar of Trog.
  2269 | D:4      | Found a staircase to the Ecumenical Temple.
  2283 | D:4      | Noticed an ogre
  2349 | D:4      | Killed an ogre
  2430 | Temple   | Entered the Ecumenical Temple
  2646 | D:4      | Reached XP level 6. HP: 61/61 MP: 5/5
  3194 | D:5      | Entered Level 5 of the Dungeon
  3255 | D:5      | Found a snail-covered altar of Cheibriados.
  3270 | D:5      | Found a sacrificial altar of Ru.
  3273 | D:5      | Found a hide-covered altar of Uskayaw.
  3275 | D:5      | Reached XP level 7. HP: 61/68 MP: 6/6
  3281 | D:5      | Became a worshipper of Ru the Awakened
  3328 | D:5      | Gained mutation: You are partially covered in iridescent
                  | scales. (AC +2) [potion of mutation]
  3328 | D:5      | Gained mutation: Your body sometimes deteriorates upon
                  | taking damage. [potion of mutation]
  3328 | D:5      | Gained mutation: You have very sharp teeth. [potion of
                  | mutation]
  3328 | D:5      | Gained mutation: You have a pair of small horns on your
                  | head. [potion of mutation]
  3332 | D:5      | Slain by a gnoll bouda

Illustrated notes

Levels and vault maps discovered:
D:1:      dpeg_arrival_connections, layout_basic, wad_floor_pattern_2,
          roderic_lattice_a, wad_floor_pattern_untrapped, corner_web_ring
D:2:      layout_basic, grunt_ministairs_2, uniq_terence
D:3:      layout_rooms, grunt_dithmenos_smoke_and_mirrors, minitemple
D:4:      layout_loops_ring, minmay_temple_entry_statues_fountains
D:5:      layout_loops_ring, mainiacjoe_overflow_six_doors_small,
          grunt_temple_overflow_open, grunt_qazlal_sundering,
          uniq_prince_ribbit1
Temple:   hellmonk_temple_flake

Skill      XL: |  1  2  3  4  5  6  7 |
---------------+----------------------+-----
Shields        | 3 4 |  4.4
Fighting       | 3 4 |  4.1
Dodging        | 3 4 |  4.0
Unarmed Combat | 3 4 |  4.3

Action                     |  1- 3 |  4- 6 |  7- 9 || total
---------------------------+-------+-------+-------++-------
  Melee: Unarmed           |    86 |   128 |    17 ||   231
    Use: Scroll            |       |     4 |     1 ||     5
         Potion            |       |       |     5 ||     5
 Armour: Robe              |    28 |    31 |    22 ||    81
  Dodge: Dodged            |    32 |    46 |    13 ||    91
  Block: Kite shield       |    32 |    39 |    13 ||    84

Table legend: (Time is in decaauts)
 A = Elapsed time spent in this place.
 B = Non-inter-level travel time spent in this place.
 C = Inter-level travel time spent in this place.
 D = Time resting spent in this place.
 E = Time spent auto-exploring this place.
 F = Levels seen in this place.
 G = Mean time per level.
                   A        B        C        D        E       F      G
               +--------+--------+--------+--------+--------+-----+--------+
         Total |   3343 |   3308 |     35 |     22 |   2586 |   6 |  557.2 |
       Dungeon |   3174 |   3139 |     35 |     22 |   2456 |   5 |  634.8 |
        Temple |    168 |    168 |      0 |      0 |    130 |   1 |  168.0 |
               +--------+--------+--------+--------+--------+-----+--------+

Top non-repeatable levels by time:
     D:2: 1004 daAuts
     D:1: 780 daAuts
     D:4: 757 daAuts
     D:3: 493 daAuts
  Temple: 168 daAuts
     D:5: 138 daAuts
